 Dungeon Crawl Stone Soup version 0.24-a0-333-g864f2b5 (webtiles) character file.

Game seed: 7206538639145139462

11137 mhoghedin the Jinx (level 11, 0/77 HPs)
             Began as a Barachi Arcane Marksman on May 17, 2019.
             Was a High Priest of Cheibriados.
             Slain by a skeletal warrior
             ... wielding a +0 halberd
             ... led by a skeletal warrior
              (11 damage)
             ... on level 11 of the Dungeon.
             The game lasted 00:46:53 (13726 turns).

mhoghedin the Jinx (Barachi Arcane Marksman)       Turns: 13726, Time: 00:46:54

Health: 0/77       AC: 13    Str: 29    XL:     11   Next: 73%
Magic:  17/17      EV: 14    Int: 25    God:    Cheibriados [*****.]
Gold:   548        SH:  0    Dex: 26    Spells: 7/19 levels left

rFire    . . .     SeeInvis .   O - +0 whip (elec)
rCold    . . .     Gourm    .   (no shield)
rNeg     . . .     Faith    .   S - +2 scale mail {MR+}
rPois    +         Spirit   .   g - +1 helmet
rElec    .         Reflect  .   i - +1 cloak
rCorr    .         Harm     .   (no gloves)
MR       +....                  (no boots)
Stlth    +.........             (no amulet)
HPRegen  0.22/turn              t - ring of poison resistance {rPois, !d}
MPRegen  0.15/turn              y - ring of flight {+Fly, !d}

@: lethally poisoned (0 -> 0), about to teleport, can't hop, very slow
A: +LOS, swims, agile 1, slowness 1, strong 2, strong legs 1
a: Hop, Bend Time, Temporal Distortion, Slouch, Step From Time, Renounce
Religion, Evoke Flight


You were on level 11 of the Dungeon.
You worshipped Cheibriados.
Cheibriados was extremely pleased with you.
You were not hungry.

You visited 3 branches of the dungeon, and saw 13 of its levels.

You collected 548 gold pieces.

Inventory:

Hand Weapons
 a - a +2 hunting sling
   (You took it off a human on level 6 of the Dungeon)
 O - a +0 whip of electrocution (weapon)
   (You took it off an orc on level 8 of the Dungeon)
Missiles
 c - 10 javelins
 d - 3 throwing nets {=f, !d}
 j - 11 sling bullets
 v - 54 poisoned darts
 F - 102 stones
 H - 5 boomerangs of dispersal {=f}
 M - 4 curare-tipped darts (quivered)
 Q - 4 silver javelins
 R - 7 boomerangs
Armour
 g - a +1 helmet (worn)
   (You took it off Robin on level 2 of the Dungeon)
 i - a +1 cloak (worn)
   (You found it on level 1 of the Dungeon)
 B - a +0 troll leather armour {regen}
   (You found it on level 9 of the Dungeon)
 S - a +2 scale mail of magic resistance (worn)
   (You took it off Urug on level 11 of the Dungeon)
Jewellery
 p - a +4 ring of slaying
   (You took it off an orc warrior on level 8 of the Dungeon)
 t - a ring of poison resistance (left hand) {rPois, !d}
   (You took it off an orc on level 4 of the Dungeon)
 y - a ring of flight (right hand) {+Fly, !d}
   (You found it on level 5 of the Dungeon)
 z - a cursed ring of teleportation {unknown}
   (You found it on level 9 of the Dungeon)
 N - a +3 ring of evasion {unknown}
   (You found it on level 10 of the Dungeon)
Wands
 C - a wand of acid (7)
   (You found it on level 9 of the Dungeon)
 D - a wand of flame (30)
   (You found it on level 7 of the Dungeon)
 I - a wand of iceblast (6)
   (You found it on level 10 of the Dungeon)
 J - a wand of disintegration (4)
   (You took it off an orc warrior on level 10 of the Dungeon)
Scrolls
 e - 2 scrolls of remove curse
 h - a scroll of enchant armour
 k - 3 scrolls of magic mapping {!r}
 n - a scroll of summoning {unknown}
 s - 3 scrolls of fear
 u - 2 scrolls of noise {unknown}
 w - a scroll of fog
 x - 3 scrolls of identify
 G - 3 scrolls of immolation {unknown}
 L - a scroll of vulnerability {unknown}
Potions
 l - 2 potions of might {unknown}
 q - 8 potions of curing
 r - 5 potions of heal wounds
 A - 2 potions of lignification {!q}
 E - a potion of ambrosia {unknown}
 K - a potion of magic {unknown}
 P - a potion of cancellation {unknown}
Comestibles
 f - 8 rations


   Skills:
 - Level 4.3 Fighting
 + Level 4.8 Maces & Flails
 - Level 2.8(7.1) Slings
 - Level 10.3(10.4) Throwing
 - Level 4.1 Armour
 - Level 4.4 Dodging
 - Level 4.6 Spellcasting
 - Level 10.9 Hexes
 - Level 3.0 Earth Magic
 - Level 5.7 Invocations


You had 7 spell levels left.
You knew the following spells:

 Your Spells              Type           Power        Failure   Level  Hunger
a - Inner Flame           Hex/Fire       ####....     5%          3    ##.....
b - Cause Fear            Hex            ######....   1%          4    ####...
c - Leda's Liquefaction   Hex/Erth       #####.....   10%         4    ####...
v - Corona                Hex            ######.      1%          1    None

Your spell library contained the following spells:

 Spells                   Type           Power        Failure   Level  Hunger
 Slow                     Hex            ######..     1%          2    None
 Portal Projectile        Hex/Tloc       ####..       5%          3    ##.....


Dungeon Overview and Level Annotations

Branches:
Dungeon (11/15)            Temple (1/1) D:5            Lair (1/6) D:11
    Orc (0/2) D:11

Altars:
Ashenzari
Cheibriados
Dithmenos
Elyvilon
Fedhas
Gozag
Hepliaklqana
Kikubaaqudgha
Makhleb
Nemelex Xobeh
Okawaru
Qazlal
Ru
Sif Muna
Trog
Uskayaw
Vehumet
Wu Jian
Xom
Yredelemnul
Zin
The Shining One

Shops:
D:6 }

Annotations:
D:7 2 transporters, Yorgos's ghost, novice SpSk
Lair:1 exclusion: hydra


Innate Abilities, Weirdness & Mutations

Shadows flee at your approach. (+LOS)
You can swim through water.
You cover ground slowly.
You can hop short distances.
You are agile. (Dex +2)
Your muscles are very strong. (Str +4)


Message History

Urug throws a silver javelin.
The silver javelin pierces through you. The silver sears you!
You take 2 damage, and have 34/77 hp.
Aim: Urug, wielding a +5 glaive and wearing a +2 scale mail of magic resistance (moderately wounded, slow, poisoned, covered in acid)
The bolt of acid hits Urug!
Urug is splashed with acid.
Urug throws a silver javelin.
The silver javelin closely misses you.
Aim: Urug, wielding a +5 glaive and wearing a +2 scale mail of magic resistance (severely wounded, slow, poisoned, covered in acid)
The bolt of acid hits Urug!
Urug is splashed with acid.
Urug seems to be corroded for longer.
Aim: Urug, wielding a +5 glaive and wearing a +2 scale mail of magic resistance (almost dead, slow, poisoned, covered in acid)
The bolt of acid hits Urug!
Urug is splashed with acid!
Urug seems to be corroded for longer.
You kill Urug!
Cheibriados appreciates the change of pace.
Your Maces & Flails skill increases to level 4!
You regained 2 hp, and now have 38/77 hp.
There is an open door here.
You regained 2 hp, and now have 42/77 hp.
Q - a silver javelin;
l - 2 lumpy red potions (gained 1)
M - 4 curare-tipped darts (gained 1)
Things that are here:
a +5 glaive; a +2 scale mail of magic resistance
S - a +2 scale mail of magic resistance You start removing your armour.
You continue taking off your +0 troll leather armour {regen}. x4
You finish taking off your +0 troll leather armour {regen}.
You start putting on your armour.
You continue putting on your +2 scale mail of magic resistance. x5
You finish putting on your +2 scale mail of magic resistance.
You feel resistant to hostile enchantments.
You regained 4 hp, and now have 48/77 hp.
You start resting.
Health restored: 77
There is an open door here.
Q - 4 silver javelins (gained 3)
There is an open door here.
You see here a +5 glaive.
T - a +5 glaive Search for what [Enter for "boomerang", or ? for help]? polearm Unknown command.
You drop a +5 glaive.
You drop a +3 dagger.
You drop a +2 dagger of protection.
There is an open door here.
A skeletal warrior comes into view. It is wielding a +0 scimitar.
You see here 2 potions of heal wounds.
r - 5 potions of heal wounds (gained 2)
The skeletal warrior throws a poisoned dart.
The poisoned dart closely misses you.
The skeletal warrior throws a poisoned dart.
The poisoned dart misses you.
The skeletal warrior throws a poisoned dart.
The poisoned dart hits you!
You are poisoned.
You see here 2 poisoned darts.
Unknown command.
You feel sick.
The skeletal warrior throws a poisoned dart.
The poisoned dart completely misses you.
You see here a poisoned dart.
You take 1 damage, and have 76/77 hp.
You feel sick.
You take 1 damage, and have 75/77 hp.
Hop to where?
Boing!
You feel sick.
The skeletal warrior hits you with a +0 scimitar.
The skeletal warrior hits you from afar with a +0 halberd!!
You see here a sling bullet.
You take 31 damage, and have 44/77 hp.
MASSIVE DAMAGE!!
You feel sick.
The skeletal warrior closely misses you.
The skeletal warrior hits you with a +0 scimitar!
The skeletal warrior hits you but does no damage.
You take 17 damage, and have 27/77 hp.
MASSIVE DAMAGE!!
Aim: a skeletal warrior, wielding a +0 scimitar The bolt of acid hits the skeletal warrior.
The skeletal warrior is splashed with acid.
The acid corrodes the skeletal warrior!
The bolt of acid hits the skeletal warrior.
The skeletal warrior is splashed with acid.
The skeletal warrior closely misses you.
Aim: a skeletal warrior, wielding a +0 scimitar (lightly damaged, covered in acid)
The bolt of acid hits the skeletal warrior!
The skeletal warrior is splashed with acid.
The skeletal warrior seems to be corroded for longer.
The bolt of acid hits the skeletal warrior but does no damage.
The bolt of acid misses the skeletal warrior.
You feel sick.
The skeletal warrior hits you from afar with a +0 halberd.
The skeletal warrior hits you with a +0 scimitar!
* * * LOW HITPOINT WARNING * * *
You take 16 damage, and have 11/77 hp.
MASSIVE DAMAGE!!
As you read the scroll of teleportation, it crumbles to dust.
You feel strangely unstable.
The skeletal warrior hits you from afar with a +0 halberd!
You die...

#.### #.........####### '...#
#................ #...#
#.............. #...#
+........#...##
#...#######........#.>.#
.......................#
.......#'#######......##
.......#.... #.###### .......'...
#@# # .......#.. #z# .#
.......#########z###########.####
................z................
.........(((.....................
............#########............
.######.....# #..........## .#
####..# #..........# . #.z#
#).........#


You could see 3 skeletal warriors.

Vanquished Creatures
  A hydra (D:11)
  A two-headed ogre (D:10)
  Urug (D:11)
  Sonja (D:10)
  2 trolls
  Prince Ribbit (D:7)
  A hippogriff (D:8)
  A spriggan (D:7)
  6 yaks
  4 wyverns
  5 humans (D:6)
  A basilisk (D:10)
  A hungry ghost (D:7)
  Menkaure (D:7)
  3 wargs (D:11)
  A water moccasin (D:7)
  6 orc warriors
  4 ice beasts
  A black bear (D:11)
  A necrophage (D:5)
  A sky beast (D:9)
  9 ogres
  2 centaurs
  A crocodile (D:8)
  3 big kobolds
  5 bullfrogs
  A wyvern zombie (D:11)
  3 scorpions (D:4)
  4 wights (D:7)
  4 howler monkeys
  A bullfrog zombie (D:10)
  2 crimson imps (D:7)
  A hound (D:10)
  2 jellies
  7 orc priests
  2 bullfrog skeletons
  3 centaur skeletons
  2 iguanas
  8 worker ants
  Natasha (thrice) (D:2)
  15 orc wizards
  A killer bee zombie (D:9)
  2 hound skeletons (D:7)
  2 worker ant zombies
  Robin (D:2)
  8 adders
  3 shadow imps
  2 oozes (D:1)
  An adder zombie (D:9)
  2 worms
  2 dart slugs
  3 leopard geckos
  52 orcs
  A ball python (D:2)
  6 giant cockroaches
  15 goblins
  9 hobgoblins
  11 jackals
  4 quokkas
  7 bats
  2 frilled lizards
  A jackal zombie (D:8)
  11 kobolds
  A quokka zombie (D:6)
  3 rats
272 creatures vanquished.

Notes
Turn   | Place    | Note
-------+----------+-------------------------------------------
     0 | D:1      | mhoghedin the Barachi Arcane Marksman began the quest for
                  | the Orb.
     0 | D:1      | Reached XP level 1. HP: 15/15 MP: 2/2
   293 | D:1      | Reached XP level 2. HP: 21/21 MP: 3/3
   401 | D:1      | Reached skill level 3 in Throwing
   649 | D:2      | Reached XP level 3. HP: 20/26 MP: 4/4
   696 | D:2      | Noticed Robin
   707 | D:2      | Gained mutation: Your muscles are strong. (Str +2) [potion
                  | of mutation]
   707 | D:2      | Gained mutation: Your muscles are very strong. (Str +4)
                  | [potion of mutation]
   707 | D:2      | Gained mutation: You are agile. (Dex +2) [potion of
                  | mutation]
   711 | D:2      | Killed Robin
   711 | D:2      | Reached skill level 4 in Throwing
   711 | D:2      | Reached XP level 4. HP: 17/32 MP: 5/5
   712 | D:2      | HP: 8/32 [goblin[Robin] (3)]
   720 | D:2      | HP: 8/32 [bat (1)]
   980 | D:1      | Learned a level 3 spell: Inner Flame
  1562 | D:2      | Noticed Natasha
  1573 | D:2      | Killed Natasha
  1573 | D:2      | Reached skill level 5 in Throwing
  1573 | D:2      | Reached XP level 5. HP: 19/37 MP: 6/6
  1581 | D:2      | Noticed Natasha
  1589 | D:2      | Killed Natasha
  1602 | D:2      | Noticed Natasha
  1613 | D:2      | Killed Natasha
  2277 | D:3      | You fall through a shaft for 3 floors!
  2296 | D:5      | Entered Level 5 of the Dungeon
  2301 | D:5      | Reached skill level 6 in Throwing
  2301 | D:5      | Reached XP level 6. HP: 43/43 MP: 7/7
  2529 | D:4      | Reached skill level 7 in Throwing
  2546 | D:4      | Reached XP level 7. HP: 46/48 MP: 8/8
  2795 | D:4      | Found a shimmering altar of Xom.
  2796 | D:4      | Found a shimmering altar of Xom.
  3607 | D:3      | Learned a level 4 spell: Cause Fear
  3705 | D:5      | Found a staircase to the Ecumenical Temple.
  3780 | D:5      | Reached skill level 4 in Hexes
  3800 | Temple   | Entered the Ecumenical Temple
  4058 | Temple   | Became a worshipper of Cheibriados the Contemplative
  4139 | D:5      | Reached skill level 5 in Hexes
  4545 | D:5      | Reached skill level 6 in Hexes
  4545 | D:5      | Reached XP level 8. HP: 32/54 MP: 9/9
  4699 | D:5      | Reached skill level 7 in Hexes
  5377 | D:6      | Reached skill level 8 in Hexes
  5794 | D:6      | Found Bogiahoa's Gadget Shop.
  5807 | D:6      | Found a burning altar of Makhleb.
  5839 | D:6      | Reached skill level 9 in Hexes
  5848 | D:6      | Reached * piety under Cheibriados
  5848 | D:6      | Reached skill level 10 in Hexes
  5848 | D:6      | Reached XP level 9. HP: 47/59 MP: 4/10
  5881 | D:6      | Reached skill level 2 in Spellcasting
  5902 | D:6      | Reached skill level 3 in Spellcasting
  6550 | D:7      | Reached skill level 4 in Spellcasting
  6577 | D:7      | Found a transporter.
  6581 | D:7      | Noticed a tengu conjurer
  6582 | D:7      | Noticed Yorgos's ghost (novice SpSk)
  6589 | D:7      | Noticed Menkaure
  6596 | D:7      | Killed Menkaure
  6596 | D:7      | Reached skill level 1 in Armour
  6765 | D:7      | Noticed Prince Ribbit
  6780 | D:7      | Reached skill level 8 in Throwing
  6878 | D:7      | Killed Prince Ribbit
  7045 | D:7      | Found a transporter.
  7291 | D:7      | Reached skill level 9 in Throwing
  7524 | D:7      | Reached XP level 10. HP: 66/67 MP: 16/16
  7533 | D:7      | Reached ** piety under Cheibriados
  7966 | D:7      | Reached skill level 10 in Throwing
  8033 | D:8      | HP: 15/67 [wyvern (3)]
  8832 | D:7      | Reached skill level 2 in Fighting
  8839 | D:7      | Learned a level 4 spell: Leda's Liquefaction
  9015 | D:8      | Reached skill level 1 in Earth Magic
  9035 | D:8      | Reached skill level 2 in Earth Magic
  9388 | D:8      | Reached skill level 3 in Earth Magic
  9459 | D:8      | Reached skill level 3 in Dodging
  9499 | D:8      | Reached skill level 2 in Armour
  9515 | D:8      | Reached *** piety under Cheibriados
  9653 | D:8      | Found a stormy altar of Qazlal.
 10585 | D:9      | Reached skill level 1 in Slings
 10956 | D:9      | Reached skill level 1 in Invocations
 10971 | D:9      | Reached skill level 2 in Invocations
 11148 | D:9      | Reached **** piety under Cheibriados
 11148 | D:9      | Reached skill level 3 in Invocations
 11527 | D:10     | Entered Level 10 of the Dungeon
 11527 | D:10     | Noticed Sonja
 11852 | D:10     | Reached skill level 4 in Invocations
 12017 | D:10     | Killed Sonja
 12017 | D:10     | Reached skill level 5 in Invocations
 12017 | D:10     | Reached XP level 11. HP: 71/74 MP: 17/17
 12039 | D:10     | Noticed a two-headed ogre
 12055 | D:10     | Killed a two-headed ogre
 12137 | D:10     | Reached skill level 3 in Fighting
 12295 | D:10     | Reached ***** piety under Cheibriados
 12734 | D:11     | Found a staircase to the Lair.
 12737 | D:11     | Noticed a four-headed hydra
 12808 | D:11     | Reached skill level 3 in Armour
 13011 | D:11     | Reached skill level 2 in Slings
 13012 | D:11     | Killed a four-headed hydra
 13012 | D:11     | Reached skill level 4 in Fighting
 13012 | D:11     | Reached skill level 4 in Dodging
 13019 | D:11     | Found a staircase to the Orcish Mines.
 13066 | D:11     | Reached skill level 4 in Armour
 13099 | D:11     | Noticed a skeletal warrior
 13099 | D:11     | Noticed a skeletal warrior
 13118 | Lair:1   | Entered Level 1 of the Lair of Beasts
 13118 | Lair:1   | Noticed an eight-headed hydra
 13301 | D:11     | Reached skill level 1 in Maces & Flails
 13303 | D:11     | Reached skill level 2 in Maces & Flails
 13305 | D:11     | Reached skill level 3 in Maces & Flails
 13516 | D:11     | Noticed Urug
 13521 | D:11     | Killed Urug
 13521 | D:11     | Reached skill level 4 in Maces & Flails
 13714 | D:11     | Noticed a skeletal warrior
 13725 | D:11     | HP: 11/77 [skeletal warrior/+0 scimitar (14)]
 13726 | D:11     | Slain by a skeletal warrior

Levels and vault maps discovered:
D:1:      psy_arrival_statuary, layout_loops_ring
D:2:      layout_rooms, uniq_natasha, uniq_robin
D:3:      minmay_wonky_spiral, layout_basic, first_ration,
          guppyfry_early_orc_mine
D:4:      layout_basic, xom_redecorated
D:5:      layout_cave_pools, minmay_temple_entry_ruins, serial_co_window_serial,
          co_window_of_opportunity_a, co_window_paths_b, co_window_corner_a,
          co_window_cross_1, co_window_paths_b, co_window_paths_b,
          co_window_paths_a, co_window_corner_ca, co_window_corner_b,
          co_window_broadway_c, glass_columns_c, glass_columns_a,
          glass_columns_c, glass_columns_b, glass_columns_a,
          chequers_serial_rivers_marsh
D:6:      layout_gridville, serial_shops, shop, basic_altar, minmay_ruffians
D:7:      layout_loops_corners, gammafunk_ghost_arena, the_bakery,
          uniq_prince_ribbit1, uniq_menkaure
D:8:      layout_cave_pods, nicolae_qazlal_general_emergency
D:9:      minmay_recursive_quarters, layout_basic, chequers_decorated_corner
D:10:     layout_roguey, uniq_sonja
D:11:     layout_irregular_city, lair_entry_dummy, minmay_orc_entry_guard_dogs,
          minmay_misc_feat_hallway, lemuel_statue_altar, uniq_urug
Temple:   minmay_crystal_snake_temple
Lair:1:   layout_hall_layers, grunt_megastairs_1, serial_bayou_shore_b,
          minmay_lair_oklob_chamber, serial_bayou_shore_b

Skill      XL: |  1  2  3  4  5  6  7  8  9 10 11 |
---------------+----------------------------------+-----
Throwing       | 3 4 5 6 7 9 10 | 10.3
Hexes          | 6 10 | 10.9
Spellcasting   | 4 |  4.6
Armour         | 1 2 4 |  4.1
Fighting       | 2 4 |  4.3
Earth Magic    | 3 |  3.0
Dodging        | 3 4 |  4.4
Slings         | 1 2 |  2.8
Invocations    | 5 |  5.7
Maces & Flails | 4 |  4.8

Action                   |  1- 3 |  4- 6 |  7- 9 | 10-12 || total
-------------------------+-------+-------+-------+-------++-------
Melee: Unarmed           |    11 |       |       |       ||    11
       Club              |    10 |    66 |       |       ||    76
       Dagger            |       |    26 |   383 |   164 ||   573
       Whip              |       |       |       |    22 ||    22
 Fire: Hunting sling     |       |       |       |   393 ||   393
Throw: Javelin           |    23 |    66 |    54 |    20 ||   163
       Dart              |       |     8 |   112 |    18 ||   138
 Cast: Cause Fear        |       |       |    11 |    15 ||    26
       Inner Flame       |       |       |     1 |     4 ||     5
       Leda's Liquefacti |       |       |       |     3 ||     3
Invok: Slouch            |       |       |       |     1 ||     1
 Abil: Hop               |       |       |     2 |     3 ||     5
Evoke: Wand              |       |       |       |    26 ||    26
  Use: Potion            |     2 |       |     1 |     1 ||     4
       Scroll            |       |     6 |     2 |    11 ||    19
 Stab: Sleeping          |     1 |     1 |     1 |     1 ||     4
  Eat: Ration            |       |     1 |     5 |     3 ||     9
       Chunk             |       |     3 |     3 |     2 ||     8
Armor: Robe              |    10 |    57 |    99 |       ||   166
       Ring mail         |       |       |    73 |    82 ||   155
       Troll leather arm |       |       |       |    30 ||    30
       Skin              |       |       |       |     5 ||     5
       Scale mail        |       |       |       |     1 ||     1
Dodge: Dodged            |    48 |   153 |   286 |   198 ||   685

Table legend:
 A = Non-vault XP
 B = Vault XP
 C = Vault XP percentage of total XP
 D = Non-vault monster count
 E = Vault monster count
 F = Vault count percentage of total count
                 A         B        C        D         E       F
            +---------+---------+-------+---------+---------+-------
      Total |   11592 |    4318 |  27.1 |     233 |      39 |  14.3
            +---------+---------+-------+---------+---------+-------
        D:1 |      22 |       0 |   0.0 |       7 |       0 |   0.0
        D:2 |     152 |      68 |  30.9 |      19 |      12 |  38.7
        D:3 |     124 |      23 |  15.6 |      15 |      11 |  42.3
        D:4 |     305 |       0 |   0.0 |      22 |       0 |   0.0
        D:5 |     986 |       0 |   0.0 |      22 |       0 |   0.0
        D:6 |     449 |     965 |  68.2 |       7 |       5 |  41.7
        D:7 |    1669 |     670 |  28.6 |      34 |       3 |   8.1
        D:8 |    1635 |       0 |   0.0 |      31 |       0 |   0.0
        D:9 |     829 |     460 |  35.7 |      26 |       3 |  10.3
       D:10 |    2403 |     814 |  25.3 |      24 |       1 |   4.0
       D:11 |    3018 |    1318 |  30.4 |      26 |       4 |  13.3
            +---------+---------+-------+---------+---------+-------

Levels and vault maps discovered:
D:1:      psy_arrival_statuary, layout_loops_ring
D:2:      layout_rooms, uniq_natasha, uniq_robin
D:3:      minmay_wonky_spiral, layout_basic, first_ration,
          guppyfry_early_orc_mine
D:4:      layout_basic, xom_redecorated
D:5:      layout_cave_pools, minmay_temple_entry_ruins, serial_co_window_serial,
          co_window_of_opportunity_a, co_window_paths_b, co_window_corner_a,
          co_window_cross_1, co_window_paths_b, co_window_paths_b,
          co_window_paths_a, co_window_corner_ca, co_window_corner_b,
          co_window_broadway_c, glass_columns_c, glass_columns_a,
          glass_columns_c, glass_columns_b, glass_columns_a,
          chequers_serial_rivers_marsh
D:6:      layout_gridville, serial_shops, shop, basic_altar, minmay_ruffians
D:7:      layout_loops_corners, gammafunk_ghost_arena, the_bakery,
          uniq_prince_ribbit1, uniq_menkaure
D:8:      layout_cave_pods, nicolae_qazlal_general_emergency
D:9:      minmay_recursive_quarters, layout_basic, chequers_decorated_corner
D:10:     layout_roguey, uniq_sonja
D:11:     layout_irregular_city, lair_entry_dummy, minmay_orc_entry_guard_dogs,
          minmay_misc_feat_hallway, lemuel_statue_altar, uniq_urug
Temple:   minmay_crystal_snake_temple
Lair:1:   layout_hall_layers, grunt_megastairs_1, serial_bayou_shore_b,
          minmay_lair_oklob_chamber, serial_bayou_shore_b

Table legend:
 A = Turns spent in this place as a percentage of turns spent in the entire game.
 B = Non-inter-level travel turns spent in this place as a percentage of non-inter-level travel turns spent in the entire game.
 C = Inter-level travel turns spent in this place as a percentage of turns spent in this place.
 D = Turns resting spent in this place as a percentage of non-inter-level travel turns spent in this place.
 E = Turns spent auto-exploring this place as a percentage of non-inter-level travel turns spent in this place.
 F = Non-inter-level travel turns spent in this place divided by the number of levels of this place that you've seen.
                   A       B       C       D       E      F
               +-------+-------+-------+-------+-------+----------------------
         Total | 100.0 | 100.0 |   6.4 |  31.6 |  43.5 | 988.1
       Dungeon |  98.0 |  98.2 |   6.1 |  32.2 |  42.9 | 1147.3
        Temple |   2.0 |   1.7 |  20.1 |   0.0 |  80.3 | 223.0
          Lair |   0.0 |   0.0 |   0.0 |   0.0 |   0.0 |   2.0
               +-------+-------+-------+-------+-------+----------------------

Table legend:
 A = Kills in this place as a percentage of kills in entire the game.
 B = Kills by you in this place as a percentage of kills by you in the entire game.
 C = Kills by friends in this place as a percentage of kills by friends in the entire game.
 D = Other kills in this place as a percentage of other kills in the entire game.
 E = Experience gained in this place as a percentage of experience gained in the entire game.
 F = Experience gained in this place divided by the number of levels of this place that you have seen.
                   A       B       C       D       E      F
               +-------+-------+-------+-------+-------+----------------------
         Total | 100.0 | 100.0 |   N/A |   N/A | 100.0 | 1223.8
       Dungeon | 100.0 | 100.0 |   N/A |   N/A | 100.0 | 1446.4
               +-------+-------+-------+-------+-------+----------------------
